Map: Ruins of Seras

Players

Harstem - Winner!

  • Race: Protoss Protoss

llllllllllll

  • Race: Protoss Protoss

Event: Root's WW3

VOD

Have the link to the VOD?

Description

Time

  • Played on: Dec. 11, 2015, 9:35 a.m.
  • Length: 6:32

All games in this series

Show
View Real Time Build Order
Export as new Build Order

Harstem Protoss - Winner!

Build Orders: Nexus First 

Get SALT Encoding   

  12  0:02  Probe (Chrono Boost)  
  13  0:12  Probe (Chrono Boost)  
  14  0:19  Pylon  
  14  0:23  Probe (Chrono Boost)  
  15  0:37  Probe (Chrono Boost)  
  16  0:48  Probe (Chrono Boost)  
  17  1:00  Nexus  
  17  1:10  Gateway  
  17  1:14  Probe (Chrono Boost)  
  18  1:24  Probe (Chrono Boost)  
  18  1:25  Assimilator  
  19  1:29  Assimilator  
  19  1:35  Probe (Chrono Boost)  
  20  1:40  Gateway  
  20  1:45  Probe (Chrono Boost)  
  21  1:56  Probe (Chrono Boost)  
  21  1:57  Cybernetics Core  
  22  2:06  Probe (Chrono Boost)  
  23  2:13  Probe (Chrono Boost)  
  24  2:17  Probe (Chrono Boost)  
  25  2:24  Probe (Chrono Boost)  
  25  2:28  Probe (Chrono Boost)  
  27  2:34  Stalker (Chrono Boost)  
  27  2:35  Stalker (Chrono Boost), Warp Gate (Chrono Boost)  
  31  2:44  Pylon  
  30  2:51  Mothership Core  
  32  3:01  Stalker (Chrono Boost)  
  32  3:02  Stalker (Chrono Boost)  
  36  3:07  Probe  
  36  3:12  Probe  
  38  3:20  Robotics Facility  
  38  3:29  Stalker (Chrono Boost)  
  40  3:37  Probe  
  41  3:43  Stalker (Chrono Boost)  
  41  3:45  Pylon  
  43  3:52  Stalker (Chrono Boost)  
  45  4:02  Probe  
  46  4:07  Gateway  
  46  4:09  Pylon  
  46  4:22  Immortal  
  48  4:24  Pylon  
  48  4:38  Stalker x2  
  52  4:47  Probe  
  52  4:49  Pylon  
  46  4:58  Probe  
  43  5:05  Stalker  
  45  5:09  Probe  
  45  5:11  Probe  
  47  5:15  Sentry  
  49  5:21  Probe  
  49  5:26  Sentry  
  52  5:30  Adept  
  48  5:42  Stalker  
  50  5:54  Adept  
  50  5:56  Pylon  
  48  5:57  Adept  
  50  6:10  Stalker  
  52  6:24  Stalker  
Show
View Real Time Build Order
Export as new Build Order

llllllllllll Protoss 

Build Orders: Oracle Opening 

Get SALT Encoding   

  12  0:01  Probe (Chrono Boost)  
  13  0:11  Probe (Chrono Boost)  
  14  0:18  Pylon  
  14  0:22  Probe (Chrono Boost)  
  15  0:37  Gateway, Probe (Chrono Boost)  
  15  0:42  Assimilator  
  16  0:47  Probe (Chrono Boost)  
  17  0:58  Probe (Chrono Boost)  
  17  0:59  Assimilator  
  18  1:08  Probe (Chrono Boost)  
  18  1:11  Gateway  
  19  1:19  Probe (Chrono Boost)  
  20  1:26  Cybernetics Core  
  20  1:29  Probe (Chrono Boost)  
  21  1:40  Probe (Chrono Boost)  
  21  1:43  Pylon  
  22  1:50  Probe (Chrono Boost)  
  23  2:02  Adept x2  
  23  2:03  Warp Gate (Chrono Boost)  
  27  2:12  Stargate  
  27  2:29  Adept x2  
  31  2:48  Pylon  
  31  3:02  Pylon  
  31  3:06  Oracle (Chrono Boost)  
  31  3:08  Stalker x2  
  38  3:21  Gateway  
  36  3:39  Gateway  
  36  3:40  Oracle (Chrono Boost)  
  39  4:00  Stalker x2  
  43  4:21  Stalker  
  43  4:23  Pylon  
  45  4:24  Stalker  
  43  4:39  Stalker  
  43  4:40  Stalker  
  45  4:58  Stalker x2  
  49  5:05  Stalker  
  51  5:13  Stalker  
  51  5:22  Sentry, Zealot  
  53  5:37  Sentry, Zealot  
  50  5:53  Stalker, Zealot  
  51  5:58  Stalker  
  51  6:01  Zealot  
  53  6:22  Sentry, Zealot x2  
  53  6:23  Zealot  
Tags
 
Add a new tag
Caveats
  • Supply blocks, unpowered buildings, or Contaminate may cause inaccurate times.
  • Supply counts are checked every 10 seconds.